Map: Neon Violet Square LE

Players

BackupJ (Kas) - Winner!

  • Race: Terran Terran
  • Spawn Location: 5:00

Abyss

  • Race: Protoss Protoss
  • Spawn Location: 11:00

Event: WCS Leipzig 2018

VOD

Have the link to the VOD?

Description

Time

  • Played on: Jan. 26, 2018, 7:49 a.m.
  • Length: 7:49

All games in this series

Show
View Real Time Build Order
Export as new Build Order

BackupJ Terran - Winner!

Build Orders: Cyclone Opening, Gas First Reaper Expand, Reaper Expand 

Get SALT Encoding   

  12  0:00  SCV  
  13  0:13  SCV  
  14  0:17  Supply Depot  
  14  0:25  SCV  
  15  0:29  Refinery  
  15  0:39  SCV  
  16  0:46  Barracks  
  16  0:51  SCV  
  17  1:03  SCV  
  18  1:15  SCV  
  19  1:33  Orbital Command  
  19  1:34  Reaper  
  20  1:46  Command Center  
  20  1:57  Factory  
  20  2:00  SCV  
  21  2:08  Barracks Reactor  
  21  2:14  Bunker  
  21  2:16  SCV  
  21  2:22  Supply Depot  
  22  2:29  SCV  
  23  2:30  Refinery  
  23  2:43  SCV, Cyclone  
  27  2:45  Marine  
  27  2:49  Marine  
  29  2:56  SCV  
  30  3:04  Orbital Command  
  29  3:06  Marine  
  29  3:07  Marine  
  29  3:11  SCV  
  32  3:16  Factory Tech Lab  
  32  3:22  Engineering Bay  
  32  3:24  Marine  
  32  3:28  SCV  
  32  3:33  Marine  
  35  3:36  Siege Tank  
  37  3:42  Bunker  
  37  3:45  SCV  
  37  3:46  Marine  
  39  3:51  Marine  
  39  3:54  Supply Depot  
  39  3:55  SCV  
  41  3:57  SCV  
  42  4:03  Missile Turret  
  42  4:04  Marine  
  42  4:07  SCV  
  44  4:14  Marine  
  44  4:15  Siege Tank  
  48  4:20  SCV, Supply Depot  
  48  4:21  SCV  
  50  4:31  Marine x2  
  50  4:32  SCV  
  50  4:37  Barracks  
  53  4:39  SCV  
  53  4:43  Supply Depot  
  53  4:45  SCV  
  55  4:52  SCV  
  56  4:56  Terran Infantry Weapons Level 1  
  56  4:57  SCV  
  56  4:58  Barracks  
  57  5:01  Stimpack  
  57  5:05  Factory Reactor, Marine  
  58  5:07  SCV  
  58  5:09  SCV  
  58  5:12  Refinery  
  60  5:17  Starport  
  60  5:20  SCV  
  60  5:21  SCV  
  62  5:23  Marine  
  63  5:32  SCV  
  63  5:33  SCV  
  65  5:40  Supply Depot x2, Marine  
  65  5:41  Marine  
  64  5:44  SCV  
  64  5:45  SCV  
  64  5:48  Factory Reactor  
  66  5:50  Marauder  
  66  5:54  Medivac  
  70  5:59  Supply Depot  
  70  6:01  SCV, Marine x3  
  74  6:06  Marine  
  75  6:11  Marine  
  75  6:17  SCV x2  
  78  6:19  Marine x3  
  78  6:24  Supply Depot x2  
  81  6:29  SCV x2, Marauder  
  85  6:33  Marine  
  85  6:34  Factory Reactor  
  78  6:41  SCV  
  78  6:48  Marine  
  78  6:49  Marine x2  
  78  6:50  Medivac x2, Marine  
  78  6:51  Marauder  
  88  7:06  Marine x3  
  90  7:08  Marine  
  90  7:13  Marine  
  92  7:17  Widow Mine x2  
  92  7:20  Refinery  
  92  7:22  Barracks  
  96  7:23  Barracks  
  96  7:24  Supply Depot, Marine x2  
  96  7:29  Marine x2  
  105  7:37  Supply Depot x2  
Show
View Real Time Build Order
Export as new Build Order

Abyss Protoss 

Build Orders: Blink Stalkers, Dark Templar Rush 

Get SALT Encoding   

  12  0:00  Probe  
  13  0:12  Probe  
  14  0:18  Pylon  
  14  0:24  Probe  
  15  0:37  Probe  
  15  0:38  Gateway  
  16  0:48  Assimilator  
  16  0:49  Probe  
  17  1:00  Assimilator  
  17  1:01  Probe  
  18  1:13  Probe (Chrono Boost)  
  19  1:25  Probe (Chrono Boost), Cybernetics Core  
  20  1:32  Probe (Chrono Boost)  
  21  1:39  Probe, Pylon  
  22  1:50  Gateway  
  22  1:59  Pylon  
  22  2:01  Warp Gate (Chrono Boost)  
  22  2:02  Stalker  
  24  2:17  Twilight Council  
  24  2:32  Stalker  
  24  2:35  Gateway  
  26  2:40  Stalker  
  28  2:54  Dark Shrine  
  28  3:22  Blink (Chrono Boost)  
  28  3:57  Pylon  
  28  4:01  Stalker x3  
  34  4:18  Gateway  
  34  4:27  Pylon  
  34  4:31  Stalker x3  
  39  4:48  Pylon  
  39  5:00  Dark Templar  
  41  5:10  Stalker  
  41  5:31  Stalker x2  
  41  5:34  Stalker  
  47  5:38  Pylon  
  47  5:51  Pylon  
  41  6:08  Stalker x2  
  45  6:13  Stalker  
  47  6:20  Stalker  
  49  6:29  Stalker  
  37  6:44  Stalker  
  37  6:46  Stalker  
  39  6:51  Zealot x2  
  33  7:15  Stalker x2  
  33  7:21  Stalker  
  35  7:26  Stalker  
Tags
 
Add a new tag
Caveats
  • Supply blocks, unpowered buildings, or Contaminate may cause inaccurate times.
  • Supply counts are checked every 10 seconds.